 Dungeon Crawl Stone Soup version 0.29.1-1-gd02db6906a (webtiles) character file.

Game seed: 5946555592600880316

2864 jamesp the Insei (level 9, -3/58 HPs)
             Began as an Octopode Transmuter on Oct 5, 2022.
             Was a Priest of Cheibriados.
             Slain by Joseph
             ... wielding a +0 quarterstaff
              (15 damage)
             ... on level 7 of the Dungeon.
             The game lasted 00:18:29 (8591 turns).

jamesp the Insei (Octopode Transmuter)              Turns: 8591, Time: 00:18:30

Health: -3/58      AC:  6    Str: 16    XL:     9   Next: 75%
Magic:  14/15      EV: 20    Int: 25    God:    Cheibriados [***...]
Gold:   258        SH:  0    Dex: 29    Spells: 12/16 levels left

rFire   . . .      SeeInvis .     - Unarmed
rCold   . . .      Faith    .   (shield currently unavailable)
rNeg    . . .      Spirit   .   (helmet currently unavailable)
rPois   x          Reflect  .   (no amulet)
rElec   .          Harm     .   d - +4 ring of protection
rCorr   .          Rampage  .   l - +6 ring of dexterity
Will    .....                   (no ring)
Stlth   ++........              (no ring)
HPRegen 0.19/turn               (no ring)
MPRegen 0.14/turn               (no ring)
                                (no ring)
                                (no ring)

@: spider-form, very slow
A: venomous fangs, almost no armour, (amphibious), 8 rings, tiny, (camouflage
1), (gelatinous body 1), (nimble swimmer 1), (tentacles)
a: End Transformation, Renounce Religion, Bend Time, Temporal Distortion


You were on level 7 of the Dungeon.
You worshipped Cheibriados.
Cheibriados was most pleased with you.
You were a venomous arachnid creature.
You visited 1 branch of the dungeon, and saw 7 of its levels.

You collected 323 gold pieces.
You spent 65 gold pieces at shops.

Inventory:

Missiles
 c - 49 stones
 f - 24 poisoned darts (quivered)
 y - 6 javelins
Armour
 x - a +1 hat (melded)
Magical Staves
 e - a staff of fire
Jewellery
 d - a +4 ring of protection (left front leg)
 l - a +6 ring of dexterity (right front leg)
 A - a ring of willpower
 B - a ring of fire
Wands
 F - a wand of paralysis (6)
Scrolls
 h - a scroll of enchant weapon
 i - 3 scrolls of teleportation
 j - a scroll of vulnerability {unknown}
 k - 4 scrolls of noise
 m - 2 scrolls of torment
 s - a scroll of amnesia {unknown}
 u - a scroll of poison {unknown}
 z - a scroll of fear {unknown}
 D - a scroll of enchant armour {unknown}
 E - a scroll of identify
Potions
 a - 3 potions of lignification
 b - a potion of brilliance
 g - a potion of resistance
 n - 6 potions of curing
 o - 4 potions of flight
 q - a potion of berserk rage {unknown}
 r - a potion of degeneration {unknown}
 t - 2 potions of might
 v - 2 potions of mutation
 w - 2 potions of attraction
 C - 2 potions of invisibility


   Skills:
 - Level 4.0 Fighting
 - Level 2.0 Dodging
 + Level 7.4 Unarmed Combat
 - Level 4.0 Spellcasting
 + Level 7.4 Transmutations
 - Level 4.0 Poison Magic
 + Level 6.0 Invocations


You had 12 spell levels left.
You knew the following spells:

 Your Spells              Type           Power      Damage    Failure   Level
a - Beastly Appendage     Tmut           84%        N/A       3%          1
b - Spider Form           Tmut/Pois      33%        N/A       10%         3

Your spell library contained the following spells:

 Spells                   Type           Power      Damage    Failure   Level
 Wereblood                Tmut           42%        N/A       4%          2
 Sublimation of Blood     Necr           5%         N/A       32%         2
 Ice Form                 Ice/Tmut       23%        N/A       41%         4
 Confusing Touch          Hex            5%         N/A       47%         3
 Ozocubu's Armour         Ice            5%         N/A       47%         3
 Summon Guardian Golem    Hex/Summ       5%         N/A       47%         3
 Leda's Liquefaction      Hex/Erth       2%         N/A       83%         4
 Summon Forest            Summ/Tloc      2%         N/A       98%         5
 Summon Mana Viper        Hex/Summ       5%         N/A       98%         5
 Summon Cactus Giant      Summ           2%         N/A       100%        6
 Ozocubu's Refrigeration  Ice            2%         4d8       100%        7


Dungeon Overview and Level Annotations

Branches:
Dungeon (7/15)             Temple (0/1) D:6

Altars:
Cheibriados
Hepliaklqana
Makhleb
Sif Muna
Trog
Yredelemnul
The Shining One

Shops:
D:1 *

Annotations:
D:7 Joseph


Innate Abilities, Weirdness & Mutations

You are a venomous arachnid creature.
You have poisonous fangs.
You are tiny and dextrous.
Your spellcasting is less reliable in this form.
Your armour is entirely melded.
You are incapable of wielding weapons or throwing items.
You cannot wear most types of armour.
((You are amphibious.))
You can wear up to eight rings at the same time.
((Your skin changes colour to match your surroundings (Stealth+).))
((Your rubbery body absorbs attacks. (AC +1, EV +1)))
((You are camouflaged when in or above water. (Stealth+)))
((You have tentacles for arms and can constrict up to eight enemies at once.))


Message History

You start resting.
HP restored.
Joseph, a Mercenary comes into view.
He is wielding a +0 quarterstaff and carrying a wand of iceblast (13).
Found an escape hatch in the ceiling.
Casting: Spider Form (dangerous; 2% risk of failure)
Confirm with . or Enter, or press ? or * to list all spells.
You turn into a venomous arachnid creature.
Your +1 hat melds into your body.
Joseph shouts!
Joseph unwields a +0 quarterstaff.
Joseph wields a +0 sling.
Joseph shoots a sling bullet.
The sling bullet closely misses you.
Joseph shoots a sling bullet.
The sling bullet hits you!
Joseph shoots a sling bullet.
The sling bullet hits you!
Joseph zaps a wand.
The mass of ice explodes!
The iceblast engulfs you!
Joseph unwields a +0 sling.
Joseph wields a +0 quarterstaff.
Joseph hits you with a +0 quarterstaff. Joseph closely misses you.
You hit Joseph.
Joseph is poisoned.
Joseph is lightly wounded.
You hit Joseph.
Joseph looks as sick as possible!
Joseph is lightly wounded.
Joseph completely misses you.
You hit Joseph.
Joseph looks as sick as possible!
Joseph is lightly wounded.
Joseph barely misses you.
You bite Joseph!
Joseph looks as sick as possible!
Joseph is moderately wounded.
Joseph completely misses you.
You bite Joseph!
Joseph looks as sick as possible!
Joseph is heavily wounded.
Joseph hits you with a +0 quarterstaff.
* * * LOW HITPOINT WARNING * * *
You hit Joseph.
Joseph looks as sick as possible!
Joseph is heavily wounded.
Joseph hits you with a +0 quarterstaff!
* * * LOW HITPOINT WARNING * * *
You feel much better.
Joseph hits you with a +0 quarterstaff!!
* * * LOW HITPOINT WARNING * * *
You feel better. Joseph hits you with a +0 quarterstaff!
You die...

# #
############# #
#...........# #
####.#########.#
# #.......#
#.######
#...s...#
#...)...
#...@...#
########
#..<..#+## ####
#.##### .... #.
#### #


You could see Joseph (extremely poisoned).

Vanquished Creatures
  Pikel (D:6)
  A troll (D:5)
  Prince Ribbit (D:5)
  Duvessa (D:5)
  An ice beast (D:5)
  4 ogres
  A centaur (D:6)
  2 lemures
  3 phantoms
  A kobold brigand (D:6)
  5 scorpions
  Dowan (D:5)
  A howler monkey (D:4)
  A jelly (D:3)
  An orc priest (D:4)
  3 hounds
  Jessica (D:2)
  6 iguanas
  5 orc wizards
  Robin (D:2)
  6 adders
  2 shadow imps (D:5)
  5 worms
  2 dart slugs (D:3)
  20 orcs
  3 bats
  3 endoplasms
  5 giant cockroaches
  15 goblins
  7 hobgoblins
  15 kobolds
  5 quokkas
  3 ball pythons
  3 frilled lizards
  4 rats
139 creatures vanquished.

Notes
Turn   | Place    | Note
-------+----------+-------------------------------------------
     0 | D:1      | jamesp the Octopode Transmuter began the quest for the Orb.
     0 | D:1      | Reached XP level 1. HP: 13/13 MP: 3/3
    26 | D:1      | Found Heggis's General Store.
   323 | D:1      | Reached XP level 2. HP: 18/18 MP: 5/5
   382 | D:1      | Found a faded altar of an unknown god.
   815 | D:1      | Bought a scroll of teleportation for 39 gold pieces
   815 | D:1      | Bought a scroll of identify for 26 gold pieces
   925 | D:2      | Got the Compilation of the Enchanting Comitatus
   961 | D:2      | Noticed Robin
   982 | D:2      | Killed Robin
   983 | D:2      | Reached XP level 3. HP: 16/24 MP: 4/6
  1310 | D:2      | Reached XP level 4. HP: 22/29 MP: 5/7
  1415 | D:2      | Noticed Jessica
  1442 | D:2      | Killed Jessica
  1453 | D:2      | Got Jessica's Directory of the Crypt
  2187 | D:3      | Reached XP level 5. HP: 29/35 MP: 7/9
  2569 | D:3      | Found a snail-covered altar of Cheibriados.
  2599 | D:3      | Became a worshipper of Cheibriados the Contemplative
  3335 | D:4      | Noticed an orc warrior
  3708 | D:4      | Reached XP level 6. HP: 22/41 MP: 10/10
  3934 | D:4      | Found a bloodstained altar of Trog.
  3934 | D:4      | Found a burning altar of Makhleb.
  3996 | D:4      | Reached * piety under Cheibriados
  4217 | D:4      | Found a basalt altar of Yredelemnul.
  4272 | D:4      | Reached XP level 7. HP: 41/46 MP: 12/12
  4671 | D:4      | Learned a level 3 spell: Spider Form
  4768 | D:4      | Found a hazy altar of Hepliaklqana.
  5015 | D:5      | Entered Level 5 of the Dungeon
  5049 | D:4      | Reached skill level 5 in Unarmed Combat
  5049 | D:4      | Reached skill level 1 in Invocations
  5124 | D:5      | Noticed Duvessa
  5140 | D:5      | Killed Duvessa
  5144 | D:5      | Reached XP level 8. HP: 28/54 MP: 8/14
  5148 | D:5      | Noticed Dowan
  5644 | D:5      | Killed Dowan
  5645 | D:5      | Reached skill level 5 in Transmutations
  5674 | D:5      | Reached ** piety under Cheibriados
  6024 | D:5      | Found a glowing golden altar of the Shining One.
  6104 | D:5      | Noticed a troll
  6118 | D:5      | Killed a troll
  6360 | D:5      | Noticed Prince Ribbit
  6371 | D:5      | Killed Prince Ribbit
  6372 | D:5      | Reached XP level 9. HP: 38/58 MP: 12/15
  6616 | D:6      | Noticed Pikel
  7319 | D:6      | Killed Pikel
  7320 | D:6      | Reached skill level 5 in Invocations
  7713 | D:6      | Found a shimmering blue altar of Sif Muna.
  7746 | D:6      | Found a staircase to the Ecumenical Temple.
  7927 | D:6      | Reached *** piety under Cheibriados
  7933 | D:6      | Paralysed by a kobold for 4 turns
  8099 | D:6      | Identified the +1 robe of Fortitude {Regen+}
  8577 | D:7      | Noticed Joseph
  8589 | D:7      | HP: 2/58 [Joseph/+0 quarterstaff (16)]
  8591 | D:7      | Slain by Joseph

Illustrated notes

Levels and vault maps discovered:
D:1:      pf_arrival_petrified_forest, layout_basic,
          chequers_ecumenical_altar_island, serial_shops, nicolae_shop_trees,
          minmay_door_square, corexii_hall_statues_l, grunt_decor_clamped
D:2:      layout_basic, kennysheep_jessica_study, uniq_robin
D:3:      layout_loops_corners, lemuel_tele_altar
D:4:      layout_basic, mainiacjoe_overflow_tiny_flanked,
          worldfamousw_hep_ancestral_shrine,
          mainiacjoe_overflow_large_starburst, grunt_ministairs_12
D:5:      layout_loops_ring, mainiacjoe_overflow_paths, uniq_prince_ribbit1,
          uniq_duvessa
D:6:      layout_loops_ring, overflow_temple_1_default, temple_doors_e,
          uniq_pikel
D:7:      layout_basic, okawaru_metal_pillars_1_2, minmay_manual_maat,
          uniq_joseph

Skill      XL: |  1  2  3  4  5  6  7  8  9 |
---------------+----------------------------+-----
Fighting       | 2 3 4 |  4.0
Transmutations | 3 4 6 7 |  7.4
Spellcasting   | 3 4 |  4.0
Unarmed Combat | 4 5 6 7 |  7.4
Invocations    | 2 4 6 |  6.0
Poison Magic   | 3 4 |  4.0
Dodging        | |  2.0

Action                   |  1- 3 |  4- 6 |  7- 9 || total
-------------------------+-------+-------+-------++-------
Melee: Unarmed           |    59 |   140 |   198 ||   397
       Constrict         |    12 |    48 |    24 ||    84
       Tentacles         |     8 |    30 |    38 ||    76
       Kick              |     9 |    45 |    41 ||    95
       Punch             |     2 |     3 |    12 ||    17
Throw: Stone             |       |     3 |       ||     3
       Dart              |       |       |     6 ||     6
 Cast: Beastly Appendage |    11 |    30 |    20 ||    61
       Spider Form       |       |       |     9 ||     9
  Use: Scroll            |       |     7 |     5 ||    12
       Potion            |       |       |     4 ||     4
 Stab: Sleeping          |     1 |    10 |     8 ||    19
Armor: Skin              |     8 |    33 |    28 ||    69
Dodge: Dodged            |    29 |    71 |   142 ||   242
